 Dungeon Crawl Stone Soup version 0.20.1-1-g8b1a95d66d (webtiles) character file.

179911 Gargoyl the Severer (level 17, -8/160 HPs)
             Began as a Centaur Abyssal Knight on Dec 29, 2017.
             Was an Elder of Lugonu.
             Splashed by a moon troll's acid (11 damage)
             ... in a wizard's laboratory.
             The game lasted 01:34:58 (34395 turns).

Gargoyl the Severer (Centaur Abyssal Knight)       Turns: 34395, Time: 01:35:00

Health: -8/160     AC: 32    Str: 25    XL:     17   Next: 30%
Magic:  18/28      EV:  5    Int: 11    God:    Lugonu [****..]
Gold:   2425       SH:  7    Dex: 13    Spells: 16/16 levels left

rFire    . . .     SeeInvis .   p - +2 war axe
rCold    + . .     Gourm    .   e - +2 buckler of Amelioration {MR++}
rNeg     . . .     Faith    .   f - +3 plate armour {rC+}
rPois    .         Spirit   .   r - +2 hat
rElec    .         Reflect  .   s - +2 cloak {MR+}
rCorr    .         Harm     .   J - +0 pair of gloves
MR       ++++.     Clarity  +   S - +2 centaur barding
Stlth    ..........             X - amulet of regeneration
Regen    1.2/turn               o - +5 ring of slaying
MPRegen  0.3/turn               D - +5 ring of strength

@: very quick
A: hooves 3, clarity, deformed body, speed 2, regeneration 1, robust 1, strong
1, tough skin 3
}: 1/15 runes: gossamer
a: Depart the Abyss, Bend Space, Banish, Corrupt, Renounce Religion


You were in a wizard's laboratory.
You worshipped Lugonu.
Lugonu was greatly pleased with you.
You were very hungry.

You visited 5 branches of the dungeon, and saw 29 of its levels.
You visited the Abyss 2 times.
You visited 1 bazaar.
You also visited: Labyrinth, Ice Cave and Wizlab.

You collected 2786 gold pieces.
You spent 361 gold pieces at shops.

Inventory:

Hand Weapons
 a - a +2 hand axe
 p - a +2 war axe (weapon)
Missiles
 l - 15 javelins (quivered)
Armour
 e - the +2 buckler of Amelioration (worn) {MR++}
   (You found it on level 4 of the Abyss)

   It affects your resistance to hostile enchantments.
 f - a +3 plate armour of cold resistance (worn)
 r - a +2 hat (worn)
 s - a +2 cloak of magic resistance (worn)
 J - a +0 pair of gloves (worn)
 S - a +2 centaur barding (worn)
Jewellery
 o - a +5 ring of slaying (left hand)
 D - a +5 ring of strength (right hand)
 N - an uncursed ring of flight
 O - an uncursed ring of positive energy
 X - an amulet of regeneration (around neck)
Wands
 g - a wand of paralysis (7/24)
 h - a wand of digging (4/24)
 j - a wand of polymorph (15/24)
 t - a wand of digging (16/24)
 F - a wand of lightning (11/15)
 P - a wand of paralysis (12/24)
 Q - a wand of paralysis (19/24)
 T - a wand of acid (10/15)
Scrolls
 i - 12 scrolls of teleportation
 k - 6 scrolls of identify
 m - a scroll of silence
 v - a scroll of fog
 y - 11 scrolls of remove curse
 K - a scroll of amnesia
 L - 6 scrolls of recharging
 U - a scroll of fear
 W - a scroll of magic mapping
Potions
 q - 2 potions of cancellation
 w - 2 potions of haste
 B - 4 potions of agility
 C - 5 potions of ambrosia
 Y - 2 potions of brilliance
Books
 d - a Young Poisoner's Handbook

   Spells                             Type                      Level
   a - Sting                          Conjuration/Poison           1
   b - Poisonous Vapours              Poison/Air                   2
   c - Mephitic Cloud                 Conjuration/Poison/Air       3
   d - Olgreb's Toxic Radiance        Poison                       4
   e - Venom Bolt                     Conjuration/Poison           5
 I - a book of Necromancy

   Spells                             Type                      Level
   a - Pain                           Necromancy                   1
   b - Animate Skeleton               Necromancy                   1
   c - Vampiric Draining              Necromancy                   3
   d - Regeneration                   Charms/Necromancy            3
   e - Animate Dead                   Necromancy                   4
   f - Control Undead                 Necromancy                   4
 M - the Reference Book on Dusty Intoxication
   (You found it on level 4 of the Lair of Beasts)

   Spells                             Type                      Level
   a - Sandblast                      Earth                        1
   b - Passwall                       Transmutation/Earth          2
   c - Spider Form                    Transmutation/Poison         3
   d - Venom Bolt                     Conjuration/Poison           5
 Z - a book of Maledictions

   Spells                             Type                      Level
   a - Corona                         Hexes                        1
   b - Ensorcelled Hibernation        Hexes/Ice                    2
   c - Confuse                        Hexes                        3
   d - Tukima's Dance                 Hexes                        3
   e - Dazzling Spray                 Conjuration/Hexes            3
Comestibles
 c - 5 bread rations
 n - 10 meat rations
 A - 16 royal jellies
 H - 9 fruits


   Skills:
 + Level 12.2 Fighting
 + Level 15.8 Axes
 + Level 4.1 Throwing
 * Level 13.1 Armour
 + Level 2.4 Dodging
 + Level 6.3 Shields
 * Level 15.0 Invocations
 + Level 0.5 Evocations


You had 16 spell levels left.
You didn't know any spells.

Dungeon Overview and Level Annotations

Branches:
Dungeon (15/15)            Temple (0/1) D:4            Lair (6/6) D:10
 Shoals (0/4) Lair:4       Spider (4/4) Lair:2        Slime (0/5) Lair:5
    Orc (2/2) D:12            Elf (0/3) Orc:2        Vaults (2/5) D:13
 Depths (0/5) D:15
  Crypt: Vaults:2-3

Altars:
Elyvilon
Fedhas
Gozag
Hepliaklqana
Kikubaaqudgha
Okawaru
Trog
Uskayaw
Vehumet
Zin
The Shining One
Jiyva

Shops:
D:8 %   Orc:2 *(=*

Annotations:
Abyss:1 Nikola WizLab topfpfpflanze's ghost, adept HOFi


Innate Abilities, Weirdness & Mutations

You have hooves in place of feet.
Armour fits poorly on your strangely shaped body.
You cover ground very quickly.
You have extremely tough skin. (AC +3)
You possess an exceptional clarity of mind.
Your natural rate of healing is unusually fast.
You are robust. (+10% HP)
Your muscles are strong. (Str +2)


Message History

The moon troll resists with almost no effort.
You feel quite a bit more hungry. The moon troll bites you!!
* * * LOW HITPOINT WARNING * * *
The moon troll claws you!
* * * LOW HITPOINT WARNING * * *
The moon troll claws you but does no damage.
You feel better.
The moon troll bites you but does no damage.
The moon troll claws you but does no damage.
The moon troll claws you.
* * * LOW HITPOINT WARNING * * *
Press: ? - help, Shift-Dir - straight line, f/p - moon troll
Aim: a moon troll, wearing the +4 moon troll leather armour {Spirit, Regen++ MP+5} (moderately wounded, chance to defeat MR: 6%)
The moon troll resists with almost no effort.
You are feeling very hungry.
The moon troll points at you and mumbles some strange words.
The bolt of acid hits you!
* * * LOW HITPOINT WARNING * * *
You are splashed with acid!
The acid burns!
You die...

....
##...##
##.......
##........
#.........
##.........
#..........
#..@T......
#..........
##.........
#..##...##
##.! ####
##?$ ##) ##


You could see a moon troll.

Vanquished Creatures
  Saint Roka (Orc:1)
  Bai Suzhen (Spider:2)
  A tentacled starspawn (Abyss:2)
  Kirke (Spider:1)
  Gastronok (D:8)
  Donald (Spider:1)
  3 ghost moths
  4 emperor scorpions
  The ghost of dracomuter the Alchemist, a journeyman DrTm of Okawaru (Lair:5)
  A spark wasp (Spider:4)
  Snorg (D:12)
  A yaktaur captain (D:13)
  The ghost of Noxor the Eclecticist, a journeyman SpEn of Fedhas (Spider:1)
  A minotaur (Lab)
  Josephine (D:15)
  Erolcha (D:10)
  2 two-headed ogres (D:11)
  Erica (D:8)
  4 centaur warriors
  The ghost of max the Cleaver, a novice MiFi of Trog (D:8)
  4 death yaks (Lair:6)
  3 orc high priests (Orc:2)
  The ghost of expyrelain the Fighter, a novice OpFi of Ru (D:7)
  A large abomination (Abyss:2)
  A skeletal warrior (D:15)
  A wizard (D:15)
  3 unseen horrors
  3 harpies (Lair:6)
  2 orc knights
  2 orange crystal statues (D:14)
  A lindwurm (shapeshifter) (D:13)
  A necromancer (D:15)
  Pikel (D:8)
  An anaconda skeleton (Abyss:2)
  22 orb spiders
  4 manticores
  6 deep elf magi
  27 wolf spiders
  An orc sorcerer (Orc:2)
  18 ugly things
  3 moths of wrath
  2 black mambas (Lair:6)
  18 elephants
  2 cyclopes
  A smoke demon (Abyss:2)
  Maurice (D:8)
  A torpor snail (Spider:3)
  11 spiny frogs
  Psyche (D:8)
  2 gargoyles
  4 kobold demonologists (D:13)
  3 centaur skeletons
  6 rime drakes
  12 komodo dragons
  3 yaktaurs
  18 demonic crawlers
  2 freezing wraiths
  35 jumping spiders
  A wind drake (Lair:6)
  An ancient zyme (Abyss:2)
  5 trolls
  A merfolk (Lair:4)
  10 hornets
  8 blink frogs
  5 polar bears (Lair:6)
  A meliai zombie (D:12)
  10 hippogriffs
  6 slime creatures (Vaults:1)
  A centaur simulacrum (D:15)
  65 redbacks
  2 vampires
  A ynoxinul (Abyss:2)
  25 yaks
  3 wraiths (D:15)
  8 hogs
  4 wyverns
  26 tarantellas
  Grum (D:8)
  A basilisk (Lair:5)
  4 fire bats (Abyss:2)
  A human simulacrum (Vaults:1)
  9 hungry ghosts
  A human (D:11)
  4 wargs
  7 vampire mosquitoes
  12 water moccasins
  5 porcupines
  6 ice beasts
  2 sky beasts
  25 orc warriors
  A small abomination (Abyss:2)
  A slave (D:8)
  4 black bears
  5 necrophages
  An eye of draining (D:14)
  2 phantoms
  2 wolves (D:8)
  10 ogres
  19 centaurs
  16 crocodiles
  22 bullfrogs
  3 big kobolds
  3 wyvern zombies
  A wyvern skeleton (D:13)
  5 scorpions
  9 killer bees
  10 electric eels
  3 wights (D:15)
  4 howler monkeys
  6 crimson imps
  2 starcursed masses (Abyss:2)
  5 hounds
  3 jellies
  A quasit (D:9)
  6 centaur zombies
  26 orc priests
  28 orc wizards
  Ijyb (D:3)
  2 bullfrog skeletons
  2 iguanas
  4 worker ants
  5 hell rats (Lair:6)
  A hound zombie (D:9)
  3 hound skeletons
  A worker ant zombie (D:11)
  8 gnolls
  17 adders
  5 shadow imps
  An adder zombie (D:9)
  2 worms (D:3)
  2 dart slugs (D:3)
  4 leopard geckos
  77 orcs
  7 giant cockroaches
  9 goblins
  8 hobgoblins
  6 jackals
  20 kobolds
  2 quokkas
  3 ball pythons
  5 bats
  4 frilled lizards
  9 rats
  A butterfly (Lair:4)
  3 fungi (D:10)
  8 plants
  A withered plant (D:12)
937 creatures vanquished.

Vanquished Creatures (collateral kills)
  A merfolk avatar (Lair:6)
  Blork the orc (D:5)
2 creatures vanquished.

Vanquished Creatures (others)
  The ghost of NixNut the Executioner, a journeyman MiBe of Trog (Spider:1)
  4 hydras
  A yaktaur captain (Vaults:2)
  A wolf spider (Spider:2)
  A yaktaur (Vaults:2)
  2 ice devils (Lair:2)
  A jumping spider (Spider:2)
  A centaur (D:8)
  An orc (D:12)
  2 bushes (Lair:6)
  23 fungi
  26 plants
  2 starspawn tentacles (Abyss:2)
66 creatures vanquished.

Grand Total: 1005 creatures vanquished

Notes
Turn   | Place    | Note
-------+----------+-------------------------------------------
     0 | Abyss:1  | Gargoyl the Centaur Abyssal Knight began the quest for the Orb.
     0 | Abyss:1  | Reached XP level 1. HP: 19/19 MP: 2/2
     7 | Abyss:2  | Noticed an eye of draining
     7 | Abyss:2  | Noticed a shadow
    27 | Abyss:3  | Noticed a raiju
    27 | Abyss:3  | Noticed a raiju
    47 | Abyss:4  | Got a brightly glowing buckler
    53 | Abyss:4  | Identified the +2 buckler of Amelioration {MR++} (You found it on level 4 of the Abyss)
    65 | Abyss:4  | Noticed a lich
    66 | D:1      | Escaped the Abyss
   422 | D:1      | Reached XP level 2. HP: 26/26 MP: 3/3
   491 | D:1      | Reached * piety under Lugonu
  1069 | D:2      | Reached XP level 3. HP: 31/31 MP: 4/4
  1452 | D:3      | Reached ** piety under Lugonu
  2182 | D:3      | Reached XP level 4. HP: 7/38 MP: 6/6
  2551 | D:3      | Noticed Ijyb
  2573 | D:3      | Killed Ijyb
  2604 | D:3      | Gained mutation: Scrolls take you a little longer to read. [potion of mutation]
  2604 | D:3      | Gained mutation: Your mind is acute. (Int +2) [potion of mutation]
  2604 | D:3      | Gained mutation: You are robust. (+10% HP) [potion of mutation]
  2666 | D:3      | Reached XP level 5. HP: 42/49 MP: 7/7
  3579 | D:4      | Found a staircase to the Ecumenical Temple.
  3634 | D:4      | Reached skill level 1 in Shields
  3654 | D:5      | Entered Level 5 of the Dungeon
  3918 | D:4      | Reached XP level 6. HP: 56/57 MP: 8/8
  4451 | D:4      | Found a bloodstained altar of Trog.
  4768 | D:4      | Reached XP level 7. HP: 41/63 MP: 9/9
  5044 | D:4      | Reached skill level 1 in Dodging
  5682 | D:5      | Reached *** piety under Lugonu
  5688 | D:5      | Noticed Blork the orc
  5697 | D:5      | Killed Blork the orc
  5806 | D:5      | Found a hazy altar of Hepliaklqana.
  5806 | D:5      | Found a blossoming altar of Fedhas.
  6161 | D:6      | Reached XP level 8. HP: 62/73 MP: 11/11
  6324 | D:6      | Reached skill level 5 in Axes
  6383 | D:6      | Gained mutation: Your natural rate of healing is unusually fast. [mutagenic meat]
  6384 | D:6      | Gained mutation: You are partially covered in molten scales. (AC +2) [mutagenic meat]
  6385 | D:6      | Gained mutation: You have a pair of small antennae on your head. [mutagenic meat]
  6386 | D:6      | Gained mutation: You are very robust. (+20% HP) [mutagenic meat]
  6396 | D:6      | Found a hide-covered altar of Uskayaw.
  6540 | D:6      | Reached skill level 5 in Invocations
  6852 | D:6      | Found an iron altar of Okawaru.
  6939 | D:7      | Reached skill level 5 in Armour
  7006 | D:7      | Noticed expyrelain's ghost (novice OpFi)
  7088 | D:7      | Killed expyrelain's ghost
  7088 | D:7      | Reached skill level 5 in Fighting
  7088 | D:7      | Reached skill level 1 in Throwing
  7088 | D:7      | Reached XP level 9. HP: 52/88 MP: 13/13
  7340 | D:8      | Noticed max's ghost (novice MiFi)
  7520 | D:8      | Killed max's ghost
  7664 | D:8      | Noticed Maurice
  7813 | D:8      | Killed Maurice
  7835 | D:8      | Found Hyhecr Puesch's Food Shoppe.
  7853 | D:8      | Noticed Psyche
  7858 | D:8      | Killed Psyche
  7858 | D:8      | Reached XP level 10. HP: 90/99 MP: 15/15
  8152 | D:8      | Noticed Gastronok
  8173 | D:8      | Noticed Grum
  8431 | D:8      | Noticed Erica
  8457 | D:8      | Killed Erica
  8664 | D:8      | Killed Gastronok
  8748 | D:8      | Killed Grum
  8859 | D:8      | Noticed Pikel
  8865 | D:8      | Killed Pikel
  9373 | D:9      | Reached **** piety under Lugonu
  9429 | D:9      | Found an ancient bone altar of Kikubaaqudgha.
  9735 | D:9      | Reached XP level 11. HP: 105/109 MP: 16/16
 10177 | D:9      | Found a glowing golden altar of the Shining One.
 10177 | D:9      | Found a glowing silver altar of Zin.
 10177 | D:9      | Found a white marble altar of Elyvilon.
 10313 | D:10     | Entered Level 10 of the Dungeon
 10365 | D:10     | Noticed Erolcha
 10375 | D:10     | Killed Erolcha
 10772 | D:10     | Found a staircase to the Lair.
 10894 | D:10     | Reached skill level 10 in Axes
 10968 | D:10     | Reached ***** piety under Lugonu
 11739 | Lair:1   | Entered Level 1 of the Lair of Beasts
 12243 | Lair:1   | Noticed a seven-headed hydra
 12244 | Lair:1   | Banished a seven-headed hydra
 12915 | Lair:2   | Found a frozen archway.
 13067 | IceCv    | Entered an ice cave
 13067 | IceCv    | Noticed a white ugly thing
 13068 | IceCv    | Found a transporter.
 13308 | Lair:2   | Found a hole to the Spider Nest.
 13308 | Lair:2   | Noticed an orb spider
 13327 | Lair:2   | Killed an orb spider
 13327 | Lair:2   | Reached XP level 12. HP: 114/120 MP: 18/18
 14755 | Lair:4   | Found a labyrinth entrance.
 14767 | Lab      | Entered a labyrinth
 14947 | Lab      | Noticed a minotaur
 14953 | Lab      | Killed a minotaur
 15148 | Lair:4   | Identified the Reference Book on Dusty Intoxication
 15166 | Lair:4   | Found a staircase to the Shoals.
 15352 | Lair:4   | Reached skill level 10 in Invocations
 16073 | Lair:5   | Found a viscous altar of Jiyva.
 16073 | Lair:5   | Found a staircase to the Slime Pits.
 17039 | Lair:5   | Noticed a seven-headed hydra
 17047 | Lair:5   | Banished a seven-headed hydra
 17111 | Lair:5   | Noticed dracomuter's ghost (journeyman DrTm)
 17239 | Lair:5   | Killed dracomuter's ghost
 17239 | Lair:5   | Reached XP level 13. HP: 119/129 MP: 20/20
 17666 | Lair:6   | Entered Level 6 of the Lair of Beasts
 18001 | Lair:6   | Reached skill level 10 in Armour
 19115 | Lair:6   | Reached XP level 14. HP: 107/141 MP: 23/23
 19998 | D:11     | Lost mutation: Scrolls take you a little longer to read. [potion of mutation]
 19998 | D:11     | Lost mutation: You are partially covered in molten scales. (AC +2) [potion of mutation]
 19998 | D:11     | Lost mutation: You are very robust. (+20% HP) [potion of mutation]
 19998 | D:11     | Lost mutation: Your mind is acute. (Int +2) [potion of mutation]
 19998 | D:11     | Lost mutation: You have a pair of small antennae on your head. [potion of mutation]
 19998 | D:11     | Gained mutation: You possess an exceptional clarity of mind. [potion of mutation]
 19998 | D:11     | Gained mutation: Your muscles are strong. (Str +2) [potion of mutation]
 20224 | D:11     | Found a radiant altar of Vehumet.
 20486 | D:12     | Found a staircase to the Orcish Mines.
 20599 | D:12     | Found a flickering gateway to a bazaar.
 20722 | Bazaar   | Entered a bazaar
 20748 | Bazaar   | Found Miaff's Gadget Shoppe.
 20778 | Bazaar   | Found Obid's Magic Scroll Boutique.
 20839 | Bazaar   | Found Zykhlat's Book Shoppe.
 20886 | Bazaar   | Found Geyz's Gadget Shoppe.
 21154 | Bazaar   | Bought a scroll of enchant armour for 97 gold pieces
 21154 | Bazaar   | Bought 2 scrolls of teleportation for 78 gold pieces
 22153 | D:13     | Noticed Snorg
 22197 | D:12     | Killed Snorg
 22335 | D:13     | Found an opulent altar of Gozag.
 22401 | D:13     | Found a gate to the Vaults.
 22419 | D:13     | Reached ****** piety under Lugonu
 22955 | D:13     | Reached skill level 10 in Fighting
 23751 | D:15     | Entered Level 15 of the Dungeon
 23768 | D:15     | Noticed Josephine
 23781 | D:15     | Killed Josephine
 23998 | D:15     | Found a staircase to the Depths.
 24012 | D:15     | Reached XP level 15. HP: 140/140 MP: 24/24
 25071 | Orc:1    | Entered Level 1 of the Orcish Mines
 25553 | Orc:2    | Entered Level 2 of the Orcish Mines
 25553 | Orc:2    | Noticed Saint Roka
 25643 | Orc:1    | Killed Saint Roka
 25669 | Orc:2    | Found a staircase to the Elven Halls.
 26395 | Orc:2    | Found Ceorrom's Assorted Antiques.
 26395 | Orc:2    | Found Hiohuq's Jewellery Shoppe.
 26396 | Orc:2    | Found Miga's Assorted Antiques.
 26399 | Orc:2    | Found Puoshroot's Antique Weapon Emporium.
 26406 | Orc:2    | Bought a scroll of teleportation for 81 gold pieces
 26406 | Orc:2    | Bought a scroll of teleportation for 81 gold pieces
 26408 | Orc:2    | Bought a blue potion for 24 gold pieces
 26813 | Spider:1 | Entered Level 1 of the Spider Nest
 27283 | Spider:1 | Paralysed by a hornet for 3 turns
 27327 | Spider:1 | Noticed Donald
 27348 | Spider:1 | Killed Donald
 27471 | Spider:1 | Noticed Kirke
 27490 | Spider:1 | Killed Kirke
 27531 | Spider:1 | Noticed NixNut's ghost (journeyman MiBe)
 27691 | Spider:1 | Banished NixNut's ghost
 27855 | Spider:1 | Noticed Noxor's ghost (journeyman SpEn)
 27907 | Spider:1 | Killed Noxor's ghost
 28505 | Spider:2 | Reached XP level 16. HP: 84/150 MP: 26/26
 28643 | Spider:2 | Reached skill level 15 in Axes
 28969 | Spider:2 | Reached skill level 5 in Shields
 30453 | Spider:3 | Noticed Bai Suzhen
 30519 | Spider:2 | Killed Bai Suzhen
 30612 | Spider:3 | Noticed Nikola
 30633 | Spider:3 | Banished Nikola
 30644 | Spider:3 | HP: 7/152 [disintegration (44)]
 31080 | Spider:4 | Entered Level 4 of the Spider Nest
 32607 | Spider:4 | Reached XP level 17. HP: 114/160 MP: 27/27
 32891 | Spider:4 | Paralysed by a hornet for 2 turns
 32919 | Spider:4 | Paralysed by a hornet for 1 turns
 33380 | Spider:4 | Got a gossamer rune of Zot
 33829 | Vaults:1 | Entered Level 1 of the Vaults
 33980 | Vaults:1 | HP: 5/160 [orc warrior/halberd[an orc knight] (25)]
 34132 | Vaults:2 | Found a magical portal.
 34147 | WizLab   | Entered Lehudib's Moon Base
 34147 | WizLab   | Noticed topfpfpflanze's ghost (adept HOFi)
 34162 | Abyss:1  | Noticed a bone dragon
 34330 | Abyss:2  | Reached skill level 15 in Invocations
 34374 | WizLab   | Escaped the Abyss
 34382 | WizLab   | Noticed a moon troll
 34395 | WizLab   | HP: 3/160 [moon troll/bolt of acid (21)]
 34395 | WizLab   | Splashed by a moon troll's acid

Skill      XL: |  1  2  3  4  5  6  7  8  9 10 11 12 13 14 15 16 17 |
---------------+----------------------------------------------------+-----
Axes           | 2 3 4 6 7 9 10 11 12 13 14 15 | 15.8
Armour         | 2 3 4 5 6 7 8 9 10 11 12 13 | 13.1
Invocations    | 3 4 5 6 7 9 10 12 13 14 15 | 15.0
Shields        | 1 2 3 4 6 |  6.3
Dodging        | 1 2 |  2.4
Fighting       | 4 5 6 7 8 9 10 11 12 | 12.2
Throwing       | 1 3 4 |  4.1
Evocations     | |  0.5

Action                   |  1- 3 |  4- 6 |  7- 9 | 10-12 | 13-15 | 16-18 || total
-------------------------+-------+-------+-------+-------+-------+-------++-------
Melee: Hand axe          |   131 |    75 |       |       |       |       ||   206
       Kick              |    18 |    21 |    56 |   223 |   564 |   348 ||  1230
       War axe           |       |    62 |   199 |   621 |  1389 |   761 ||  3032
Throw: Javelin           |       |     1 |     7 |    57 |    68 |     7 ||   140
Invok: Depart the Abyss  |     1 |       |       |       |       |     1 ||     2
       Banish            |       |       |       |     5 |    18 |    14 ||    37
       Bend Space        |       |       |       |       |     4 |     1 ||     5
       Enter the Abyss   |       |       |       |       |       |     1 ||     1
 Abil: Evoke Berserk Rag |       |       |     1 |     1 |       |       ||     2
Evoke: Wand              |       |       |       |       |     1 |       ||     1
  Use: Potion            |     1 |     4 |       |     4 |    22 |    13 ||    44
       Scroll            |       |     9 |     6 |    13 |    17 |     8 ||    53
 Stab: Invisible         |       |       |       |       |       |     3 ||     3
  Eat: Chunk             |     1 |     5 |    14 |    22 |    32 |    13 ||    87
       Bread ration      |     1 |       |       |     5 |     1 |     2 ||     9
Armor: Chain mail        |   101 |    89 |    97 |    24 |       |       ||   311
       Skin              |       |     4 |       |       |       |       ||     4
       Plate armour      |       |       |       |   388 |  1299 |  1035 ||  2722
Dodge: Dodged            |    21 |    25 |    44 |   143 |   292 |   200 ||   725
Block: Buckler           |    30 |    44 |    49 |   171 |   484 |   400 ||  1178
